 Dungeon Sprint DCSS version 0.16.1-11-g651b585 (webtiles) character file.

525 karlm the Fighter (level 7, -4/71 HPs)
             Began as a Minotaur Berserker on Apr 5, 2015.
             Was a Believer of Trog.
             Slain by Sonja
             ... wielding a +0 short sword of distortion
              (13 damage)
             ... in the Dungeon (Sprint I: "Red Sonja").
             The game lasted 00:01:26 (749 turns).

karlm the Fighter (Minotaur Berserker)               Turns: 749, Time: 00:01:26

Health: -4/71      AC:  2    Str: 21    XL:     7   Next: 2%
Magic:  3/3        EV: 16    Int:  4    God:    Trog [**....]
Gold:   297        SH:  0    Dex: 12    Spells: 0 memorised, 6 levels left

rFire  . . .     SeeInvis .     a - +0 hand axe
rCold  . . .     Clarity  .     b - +0 animal skin
rNeg   . . .     SustAb   .     (no shield)
rPois  .         Gourm    .     (helmet restricted)
rElec  .         Spirit   .     (no cloak)
rCorr  .         Warding  .     (no gloves)
rMut   .         NoTele   +     (no boots)
MR     .....                    (no amulet)
Stlth  +.........               (no ring)
                                (no ring)

@: exhausted, short of breath, very slightly contaminated, hasted and slowed,
not resistant to hostile enchantments, very unstealthy
A: retaliatory headbutt, horns 2
a: Burn Spellbooks, Berserk, Trog's Hand, Renounce Religion


You were in the Dungeon.
You worshipped Trog.
Trog was pleased with you.
You were not hungry.

You visited 1 branch You collected 297 gold pieces.

Inventory:

Hand weapons
 a - a +0 hand axe (weapon)
Armour
 b - a +0 animal skin (worn)
Scrolls
 i - a scroll of blinking
 k - a scroll of identify {unknown}
Potions
 g - 2 potions of magic
 h - a potion of berserk rage


   Skills:
 + Level 9.8 Fighting
 + Level 9.6 Axes
 + Level 9.3 Armour
 + Level 8.6 Dodging


You had 6 spell levels left.
You didn't know any spells.

Dungeon Overview and Level Annotations

Branches:
Dungeon (1/1)

Altars:
Cheibriados
Dithmenos
Elyvilon
Fedhas
Gozag
Kikubaaqudgha
Makhleb
Nemelex Xobeh
Okawaru
Qazlal
Ru
Sif Muna
Trog
Vehumet
Xom
Yredelemnul
Zin
The Shining One
Jiyva

Shops:
D (

Annotations:
D Sonja


Innate Abilities, Weirdness & Mutations

You reflexively headbutt those who attack you in melee.
You have a pair of horns on your head.


Message History

Drink which item? (? for menu, Esc to quit)
You feel better.
Sonja gestures wildly while chanting.
Sonja blinks!
Sonja says, "If only old Madame Brzewit could see me now!"
You see here 27 gold pieces.
Sonja gestures wildly while chanting.
Sonja blinks!
Sonja unwields an uncursed short sword of distortion.
Its appearance distorts for a moment.
Sonja wields an uncursed blowgun.
Sonja shoots a curare-tipped needle.
The curare-tipped needle misses you.
You see here 2 curare-tipped needles.
There is an open door here.
Sonja unwields an uncursed blowgun.
Sonja wields an uncursed short sword of distortion.
Its appearance distorts for a moment.
Sonja hits you with an uncursed short sword of distortion.
* * * LOW HITPOINT WARNING * * *
Space warps horribly around you!
You die...

#..'..#..').#..'..+
#..#####'#####'#__#
#..####..#...#(####
#..#__####..##.#
#..#_..__##'#..+
#⌠⌠#_.∩...'.(._#
####_..._##_(#'#
#_____###'#)#
#########@###


+$K$+ #$.$# ##.## #+# You could see Sonja.

Vanquished Creatures
  A slime creature (D)
  A yak (D)
  An ogre (D)
  Sigmund (D)
  A jelly (D)
  Ijyb (D)
6 creatures vanquished.

Vanquished Creatures (others)
  A gargoyle (D)
1 creature vanquished.

Grand Total: 7 creatures vanquished

Notes
Turn   | Place    | Note
--------------------------------------------------------------
     0 | D        | karlm, the Minotaur Berserker, began the quest for the Orb.
     0 | D        | Reached XP level 1. HP: 19/19 MP: 1/1
     1 | D        | Noticed Ijyb
     7 | D        | Killed Ijyb
     7 | D        | Reached skill level 4 in Fighting
     7 | D        | Reached XP level 2. HP: 20/28 MP: 1/1
    96 | D        | Noticed an ogre
   100 | D        | Killed an ogre
   100 | D        | Reached skill level 6 in Fighting
   100 | D        | Reached skill level 5 in Armour
   100 | D        | Reached skill level 5 in Dodging
   100 | D        | Reached XP level 3. HP: 21/38 MP: 2/2
   100 | D        | Reached XP level 4. HP: 24/45 MP: 2/2
   283 | D        | Noticed Sigmund
   287 | D        | Killed Sigmund
   287 | D        | Acquired Trog's second power
   287 | D        | Reached skill level 7 in Fighting
   287 | D        | Reached XP level 5. HP: 52/52 MP: 2/2
   345 | D        | Found a snail-covered altar of Cheibriados.
   345 | D        | Found a viscous altar of Jiyva.
   345 | D        | Found a shadowy altar of Dithmenos.
   345 | D        | Found a blossoming altar of Fedhas.
   345 | D        | Noticed a slime creature
   350 | D        | Killed a slime creature
   350 | D        | Reached skill level 9 in Fighting
   350 | D        | Reached XP level 6. HP: 63/63 MP: 3/3
   400 | D        | Found a deep blue altar of Sif Muna.
   401 | D        | Noticed a jelly
   402 | D        | Found a radiant altar of Vehumet.
   407 | D        | Killed a jelly
   517 | D        | Killed a gargoyle
   536 | D        | Found Klelega's Weapon Emporium.
   536 | D        | Found a white marble altar of Elyvilon.
   536 | D        | Found a stormy altar of Qazlal.
   536 | D        | Found a burning altar of Makhleb.
   536 | D        | Found a sacrificial altar of Ru.
   536 | D        | Found a basalt altar of Yredelemnul.
   536 | D        | Found a glowing golden altar of the Shining One.
   536 | D        | Found a sparkling altar of Nemelex Xobeh.
   536 | D        | Found a shimmering altar of Xom.
   536 | D        | Found an opulent altar of Gozag.
   536 | D        | Found an ancient bone altar of Kikubaaqudgha.
   536 | D        | Found a glowing silver altar of Zin.
   536 | D        | Noticed a yak
   541 | D        | Killed a yak
   541 | D        | Reached XP level 7. HP: 71/71 MP: 3/3
   542 | D        | Found an iron altar of Okawaru.
   543 | D        | Found a bloodstained altar of Trog.
   733 | D        | Noticed Sonja
   749 | D        | Slain by Sonja

Action                   |  1- 3 |  4- 6 |  7- 9 || total
-------------------------+-------+-------+-------++-------
Melee: Hand axe          |     8 |    14 |     6 ||    28
Invok: Berserk           |     1 |     3 |     1 ||     5
  Use: Potion            |       |       |     3 ||     3
  Eat: Chunk             |       |     2 |       ||     2
       Bread ration      |       |       |     1 ||     1
